 Dungeon Crawl Stone Soup version 0.25-a0-719-gde951dc (webtiles) character file.

Game seed: 6896993352397088450, levelgen mode: deterministic

2910 snetch the Protected (level 9, -2/79 HPs)
             Began as a Minotaur Berserker on Apr 6, 2020.
             Was an Elder of Trog.
             Slain by a two-headed ogre zombie (8 damage)
             ... on level 9 of the Dungeon.
             The game lasted 00:23:09 (6003 turns).

snetch the Protected (Minotaur Berserker)           Turns: 6003, Time: 00:23:09

Health: -2/79      AC: 14    Str: 26    XL:     9   Next: 49%
Magic:  8/8        EV:  9    Int:  6    God:    Trog [****..]
Gold:   533        SH:  0    Dex:  9    Spells: 8/8 levels left

rFire    + . .     SeeInvis .   L - +0 hand axe
rCold    + + .     Gourm    .   (no shield)
rNeg     . . .     Faith    .   J - +0 plate armour {rC+}
rPois    +         Spirit   .   (helmet restricted)
rElec    +         Reflect  .   (no cloak)
rCorr    +         Harm     .   (no gloves)
MR       +++..                  (no boots)
Stlth    ..........             O - amulet of rage
HPRegen  1.23/turn              P - ring of protection from magic
MPRegen  0.11/turn              l - +2 ring of intelligence

@: resistant, regenerating
A: retaliatory headbutt, horns 2
a: Berserk, Trog's Hand, Brothers in Arms, Renounce Religion, Evoke Berserk Rage


You were on level 9 of the Dungeon.
You worshipped Trog.
Trog was greatly pleased with you.
You were very hungry.

You visited 2 branches of the dungeon, and saw 11 of its levels.

You collected 533 gold pieces.

Inventory:

Hand Weapons
 a - a +2 flail of protection
 b - a +3 whip
 d - a +1 whip of flaming
 e - a +2 mace of holy wrath
 A - a +0 trident
 I - a +0 halberd
 L - a +0 hand axe (weapon)
Missiles
 j - 128 stones (quivered)
 q - 92 sling bullets
 r - 50 poisoned darts
 t - 106 arrows
 B - 5 boomerangs
 E - 82 bolts
 M - 2 throwing nets
Armour
 H - a +0 leather armour of poison resistance
 J - a +0 plate armour of cold resistance (worn)
 K - a +2 robe of magic resistance
Jewellery
 l - a +2 ring of intelligence (right hand)
 v - an uncursed ring of protection from magic
 O - an amulet of rage (around neck)
 P - a ring of protection from magic (left hand)
Wands
 g - a wand of enslavement (8)
 u - a wand of polymorph (16)
 R - a wand of acid (6)
Scrolls
 f - a scroll of holy word
 k - a scroll of blinking
 n - a scroll of magic mapping {unknown}
 p - 3 scrolls of remove curse
 s - 4 scrolls of amnesia {unknown}
 w - 3 scrolls of immolation {unknown}
 y - a scroll of fog {unknown}
 C - a scroll of fear {unknown}
 G - 2 scrolls of teleportation {unknown}
 Q - a scroll of enchant armour {unknown}
Potions
 h - 2 potions of haste
 i - 3 potions of lignification {unknown}
 m - a potion of flight
 o - 2 potions of mutation
 x - 2 potions of ambrosia
 z - 3 potions of brilliance {unknown}
 D - 2 potions of resistance
 F - 3 potions of curing
 N - 2 potions of degeneration {unknown}
Comestibles
 c - 15 rations


   Skills:
 + Level 7.5 Fighting
 + Level 6.3(8.5) Axes
 + Level 8.9(9.7) Maces & Flails
 + Level 8.9 Armour
 + Level 4.3 Dodging
 + Level 1.8 Stealth


You had 8 spell levels left.
You didn't know any spells.
Your spell library contained the following spells:

 Spells                   Type           Power        Failure   Level  Hunger
 Animate Skeleton         Necr           N/A          99%         1    ##.....
 Corona                   Hex            #......      99%         1    ##.....
 Pain                     Necr           #...         99%         1    ##.....
 Ensorcelled Hibernation  Hex/Ice        #.....       100%        2    ###....
 Confusing Touch          Hex            #.......     100%        3    ####...
 Dazzling Flash           Conj/Hex       #.....       100%        3    ####...
 Tukima's Dance           Hex            #.......     100%        3    ####...
 Vampiric Draining        Necr           #.........   100%        3    ####...
 Animate Dead             Necr           N/A          100%        4    #####..
 Agony                    Necr           #.......     100%        5    ######.


Dungeon Overview and Level Annotations

Branches:
Dungeon (10/15)            Temple (1/1) D:4             Orc (0/2) D:9
   Lair: D:8-11

Altars:
Ashenzari
Cheibriados
Dithmenos
Elyvilon
Fedhas
Gozag
Hepliaklqana
Kikubaaqudgha
Makhleb
Nemelex Xobeh
Okawaru
Qazlal
Ru
Sif Muna
Trog
Uskayaw
Vehumet
Wu Jian
Xom
Yredelemnul
Zin
The Shining One

Shops:
D:6 [

Annotations:
D:1 my corpse behind stone glass


Innate Abilities, Weirdness & Mutations

You reflexively headbutt those who attack you in melee.
You have a pair of horns on your head.


Message History

You hit the ogre zombie. You slash the ogre zombie! You hit the hungry ghost.
The two-headed ogre zombie barely misses you.
The two-headed ogre zombie misses you. The ogre zombie hits you.
* * * LOW HITPOINT WARNING * * *
The ogre zombie hits you but does no damage.
The hungry ghost misses you. You furiously retaliate!
You headbutt the hungry ghost, but do no damage.
The orc priest closely misses you. You furiously retaliate!
You headbutt the orc priest!
You kill the orc priest!
Trog accepts your kill.
It was a potion of resistance.
You feel protected. The ogre zombie barely misses you. You furiously retaliate!
You headbutt the ogre zombie!
You destroy the ogre zombie!
Trog accepts your kill.
The two-headed ogre zombie closely misses you.
The two-headed ogre zombie hits you!
You die...

###..# #....
#...# .+. #...#
#... #...#
...8. #...#
..... #...#
......
#>..#####......
###W@.ZZZ......
#Z.ZZZZ.....Z
+ZZZZZ.8...>Z
#.ZZZZ.......
#+#..........
+...#......
#...#.....Z
#...#......
#..[#....8.


You could see a hungry ghost, 2 hobgoblin zombies, 9 orc zombies, 3 ogre
zombies, 2 two-headed ogre zombies and an orc skeleton.

Vanquished Creatures
  A hungry ghost (D:9)
  Duvessa (D:4)
  An orc warrior (D:8)
  A phantom (D:5)
  An ice beast (D:5)
  2 ogres (D:7)
  4 sky beasts
  2 centaurs
  A big kobold (D:8)
  3 bullfrogs (D:7)
  A scorpion (D:5)
  A troll zombie (D:9)
  Dowan (D:4)
  6 killer bees (D:7)
  A crimson imp (D:5)
  3 orc priests
  4 bullfrog zombies
  3 hounds (D:7)
  A gnoll shaman (D:4)
  5 orc wizards
  Natasha (thrice) (D:2)
  An iguana (D:7)
  2 worker ants (D:5)
  A killer bee zombie (D:7)
  2 ogre zombies (D:9)
  A hound skeleton (D:7)
  2 worker ant zombies
  12 gnolls
  5 adders
  A shadow imp (D:5)
  2 oozes
  4 worms
  2 dart slugs
  4 leopard geckos
  22 orcs
  A giant cockroach (D:3)
  10 goblins
  4 hobgoblins
  10 jackals
  7 kobolds
  A ball python (D:7)
  A ball python zombie (D:6)
  7 bats
  3 frilled lizards (D:2)
  A goblin zombie (D:9)
  A hobgoblin zombie (D:9)
  A jackal zombie (D:5)
  A leopard gecko skeleton (D:6)
  9 orc zombies (D:9)
  2 rats
166 creatures vanquished.

Vanquished Creatures (others)
  5 toadstools (D:6)
5 creatures vanquished.

Grand Total: 171 creatures vanquished

Notes
Turn   | Place    | Note
-------+----------+-------------------------------------------
     0 | D:1      | snetch the Minotaur Berserker began the quest for the Orb.
     0 | D:1      | Reached XP level 1. HP: 19/19 MP: 0/0
   120 | D:2      | Reached XP level 2. HP: 20/27 MP: 1/1
   122 | D:2      | Reached XP level 3. HP: 16/34 MP: 2/2
   391 | D:1      | Reached XP level 4. HP: 33/41 MP: 3/3
   407 | D:1      | Reached ** piety under Trog
   767 | D:2      | You fall into a shaft and drop 1 floor!
   851 | D:2      | Reached skill level 5 in Axes
   915 | D:2      | Found an iron altar of Okawaru.
   980 | D:2      | Reached skill level 5 in Fighting
  1134 | D:2      | Noticed Natasha
  1141 | D:2      | Killed Natasha
  1141 | D:2      | Reached XP level 5. HP: 32/48 MP: 4/4
  1251 | D:2      | Noticed Natasha
  1270 | D:2      | Killed Natasha
  1284 | D:2      | Noticed Natasha
  1290 | D:2      | Killed Natasha
  2129 | D:4      | Reached XP level 6. HP: 36/56 MP: 5/5
  2140 | D:4      | You fall into a shaft and drop 2 floors!
  2201 | D:6      | Noticed a sky beast
  2210 | D:6      | Killed a sky beast
  2238 | D:5      | Entered Level 5 of the Dungeon
  2295 | D:5      | Reached skill level 1 in Maces & Flails
  2343 | D:5      | Reached XP level 7. HP: 42/62 MP: 6/6
  2412 | D:4      | Reached *** piety under Trog
  2686 | D:4      | Found a staircase to the Ecumenical Temple.
  2686 | D:4      | Noticed Duvessa
  2687 | D:4      | Noticed Dowan
  2701 | D:4      | Killed Dowan
  2702 | D:4      | Killed Duvessa
  2702 | D:4      | Reached skill level 5 in Armour
  2863 | Temple   | Entered the Ecumenical Temple
  3687 | D:5      | Reached skill level 1 in Stealth
  3711 | D:5      | Reached XP level 8. HP: 48/71 MP: 7/7
  3758 | D:5      | Found a shadowy altar of Dithmenos.
  3965 | D:6      | Reached skill level 5 in Maces & Flails
  4243 | D:6      | Found Owyekunt's Armour Shop.
  5207 | D:7      | Reached XP level 9. HP: 65/78 MP: 8/8
  5292 | D:8      | Reached **** piety under Trog
  5703 | D:8      | Found a sparkling altar of Nemelex Xobeh.
  5932 | D:8      | You fall into a shaft and drop 2 floors!
  5932 | D:10     | Entered Level 10 of the Dungeon
  5951 | D:9      | Found a staircase to the Orcish Mines.
  6003 | D:9      | Slain by a two-headed ogre zombie

Levels and vault maps discovered:
D:1:      nicolae_arrival_memento_mori, layout_rooms
D:2:      layout_rooms, dk_noncrumbling_3, lemuel_tele_altar, uniq_natasha
D:3:      layout_basic
D:4:      layout_basic, minmay_temple_entry_glassed_door, feat_on_display,
          uniq_duvessa
D:5:      layout_loops_cross, grunt_dithmenos_shadows, first_ration,
          minmay_fountain_box, small_statue_intersection
D:6:      layout_loops_cross, serial_shops, kennysheep_mini_moat,
          chequers_serial_rivers_micro_b, minmay_gold_behind_fungi
D:7:      layout_cave_pools, grunt_ministairs_10, ldierk_geyser, grunt_ogre_cave
D:8:      wad_crossroads, layout_gridville, serial_glass, glass_columns_c,
          glass_columns_b, chequers_serial_rivers_small_3,
          nemelex_lonely_heart_becter
D:9:      layout_irregular_city, zombieorc2_lemuel, minivault_11,
          nicolae_tso_besieged_by_evil
D:10:     layout_basic, special_room [special_room_orc],
          kennysheep_small_spiral, minmay_misc_feat_four_crosses,
          nemelex_diamond_rough_becter
Temple:   roderic_octagonal_lattice_temple

Skill      XL: |  1  2  3  4  5  6  7  8  9 |
---------------+----------------------------+-----
Fighting       | 4 5 6 7 |  7.5
Axes           | 4 5 6 |  6.3
Armour         | 3 4 5 7 8 |  8.9
Dodging        | 3 4 |  4.3
Maces & Flails | 1 4 7 8 |  8.9
Stealth        | 1 |  1.8

Action                   |  1- 3 |  4- 6 |  7- 9 || total
-------------------------+-------+-------+-------++-------
Melee: Hand axe          |    36 |    64 |    15 ||   115
       Headbutt          |     5 |    23 |    54 ||    82
       Whip              |       |    60 |   105 ||   165
       Unarmed           |       |    17 |       ||    17
       Flail             |       |       |   173 ||   173
Invok: Berserk           |     1 |     1 |     1 ||     3
       Trog's Hand       |       |     2 |     3 ||     5
  Use: Scroll            |       |       |     9 ||     9
       Potion            |       |       |     4 ||     4
  Eat: Chunk             |       |     7 |    13 ||    20
       Ration            |       |       |     3 ||     3
Armor: Animal skin       |     8 |       |       ||     8
       Ring mail         |       |    16 |       ||    16
       Scale mail        |       |    26 |     1 ||    27
       Plate armour      |       |       |   218 ||   218
Dodge: Dodged            |    40 |    89 |   164 ||   293

Table legend:
 A = Non-vault XP
 B = Vault XP
 C = Vault XP percentage of total XP
 D = Non-vault monster count
 E = Vault monster count
 F = Vault count percentage of total count
                 A         B        C        D         E       F
            +---------+---------+-------+---------+---------+-------
      Total |    3032 |    1126 |  27.1 |     141 |      25 |  15.1
            +---------+---------+-------+---------+---------+-------
        D:1 |      54 |       0 |   0.0 |      24 |       0 |   0.0
        D:2 |     190 |      37 |  16.3 |      24 |       1 |   4.0
        D:3 |      62 |       0 |   0.0 |       9 |       0 |   0.0
        D:4 |     183 |     207 |  53.1 |      12 |       2 |  14.3
        D:5 |     600 |     133 |  18.1 |      22 |       1 |   4.3
        D:6 |     218 |       0 |   0.0 |      12 |       0 |   0.0
        D:7 |    1277 |     223 |  14.9 |      25 |       2 |   7.4
        D:8 |     448 |     183 |  29.0 |      13 |       3 |  18.8
        D:9 |       0 |     343 | 100.0 |       0 |      16 | 100.0
            +---------+---------+-------+---------+---------+-------
